 Dungeon Crawl Stone Soup version 0.28-a0-750-g7c675f85b1 (webtiles) character file.

Game seed: 11025818409249240519

117367 RepHenryClay the Spry (level 17, -6/127 HPs)
             Began as a Djinni Hedge Wizard on Oct 29, 2021.
             Was the Champion of Makhleb.
             Mangled by an entropy weaver (13 damage)
             ... on level 1 of the Spider Nest.
             The game lasted 01:17:03 (28519 turns).

RepHenryClay the Spry (Djinni Hedge Wizard)        Turns: 28519, Time: 01:17:03

Health: -6/127     AC:  7    Str: 13 (15) XL:     17   Next: 28%
Gold:   1042       EV: 16    Int: 21 (22) God:    Makhleb [******] SH: 13 Dex: 11 (14)

rFire   + + +      SeeInvis +   a - +7 demon blade (vorpal)
rCold   . . .      Faith    .   u - +1 kite shield {rN+}
rNeg    + . .      Spirit   .   G - +0 troll leather armour
rPois   ∞          Reflect  .   e - +1 helmet
rElec   .          Harm     .   N - scarf {rC+ rF+}
rCorr   .          Rampage  .   E - +0 pair of gloves
Will    +....                   (boots unavailable)
Stlth   ++........              T - amulet of Vitality {Regen+ HP+15}
HPRegen 2.31/turn               L - ring of Yban {Str+6 SInv Stlth+}
MPRegen 0.00/turn               t - ring of wizardry

@: flying, very slightly contaminated
A: sickness immunity, fire resistance 2, cold vulnerability 1, float, innate
caster, hp casting, extra vitality 1
a: Renounce Religion, Minor Destruction, Lesser Servant of Makhleb, Major
Destruction, Greater Servant of Makhleb


You were on level 1 of the Spider Nest.
You worshipped Makhleb.
Makhleb was exalted by your worship.
You visited 6 branches of the dungeon, and saw 27 of its levels.
You also visited: Trove and Sewer.

You collected 2253 gold pieces.
You spent 1211 gold pieces at shops.

Inventory:

Hand Weapons
 a - a +7 vorpal demon blade (weapon)
 b - a +3 scimitar of flaming
Armour
 e - a +1 helmet (worn)
 u - a +1 kite shield of positive energy (worn)
 B - a +1 robe of willpower
 E - a +0 pair of gloves (worn)
 G - a +0 troll leather armour (worn)
 I - a +1 robe of resistance
 N - a scarf of resistance (worn)
Magical Staves
 m - a staff of earth
 A - a staff of cold
 C - a staff of conjuration
Jewellery
 g - the ring "Reloq" {rC+ EV+4 Stlth+}
   (You acquired it on level 4 of the Dungeon)

   [ring of evasion]

   EV:        It affects your evasion (+4).
   rC:        It protects you from cold.
   Stlth:     It makes you more stealthy.
 l - the ring "Ediddot" {rF+ Dex+5}
   (You found it in a treasure trove)

   [ring of protection from fire]

   Dex:       It affects your dexterity (+5).
   rF:        It protects you from fire.
 p - the ring "Quazacoa" {rElec rCorr Int+6}
   (You found it in a treasure trove)

   [ring of intelligence]

   Int:       It affects your intelligence (+6).
   rElec:     It insulates you from electricity.
   rCorr:     It protects you from acid and corrosion.
 t - a ring of wizardry (right hand)
 z - the ring "Ixihavasm" {Will+ rCorr}
   (You bought it in a shop on level 1 of the Orcish Mines)

   [ring of resist corrosion]

   rCorr:     It protects you from acid and corrosion.
   Will:      It increases your willpower.
 L - the ring of Yban (left hand) {Str+6 SInv Stlth+}
   (You found it in a treasure trove)

   [ring of see invisible]

   Str:       It affects your strength (+6).
   SInv:      It lets you see invisible.
   Stlth:     It makes you more stealthy.
 O - a ring of protection from cold
 P - the amulet "Kizixoarr" {Acrobat Fragile rC++}
   (You found it in a treasure trove)

   [amulet of the acrobat]

   It increases your evasion while moving and waiting.
   rC:        It greatly protects you from cold.
   Fragile:   It will be destroyed if unequipped.
 R - the amulet of False Pretenses {Reflect Dex+3 SH+5}
   (You found it in a treasure trove)

   [amulet of reflection]

   It reflects blocked missile attacks.
   Dex:       It affects your dexterity (+3).
   SH:        It affects your SH (+5).
 S - the amulet "Saewo" {Acrobat rF+ rC+}
   (You found it in a treasure trove)

   [amulet of the acrobat]

   It increases your evasion while moving and waiting.
   rF:        It protects you from fire.
   rC:        It protects you from cold.
 T - the amulet of Vitality (around neck) {Regen+ HP+15}
   (You found it on level 2 of the Lair of Beasts)

   [amulet of regeneration]

   HP:        It affects your health (+15).
   Regen:     It increases your rate of health regeneration.
 W - a +4 ring of evasion
Wands
 c - a wand of flame (53)
 h - a wand of paralysis (14) (quivered)
 w - a wand of iceblast (25)
 F - a wand of charming (9)
 Y - a wand of polymorph (6)
 Z - a wand of acid (22)
Scrolls
 n - 3 scrolls of teleportation
 o - 5 scrolls of identify {@r1}
 q - 2 scrolls of enchant armour
 y - 5 scrolls of magic mapping
 D - a scroll of fear
 K - a scroll of summoning
 Q - 2 scrolls of blinking
 U - a scroll of holy word
 X - 2 scrolls of fog
Potions
 d - 2 potions of haste
 f - 8 potions of might
 i - 5 potions of mutation
 j - 6 potions of resistance
 k - a potion of berserk rage
 r - a potion of heal wounds
 s - 5 potions of curing
 v - a potion of cancellation
 x - 4 potions of brilliance
 H - 8 potions of ambrosia
 V - a potion of invisibility
Miscellaneous
 M - a condenser vane (inert)


   Skills:
 - Level 7.6 Fighting
 - Level 14.0 Long Blades
 - Level 15.1 Dodging
 - Level 1.6 Stealth
 + Level 12.6 Shields
 + Level 13.0 Spellcasting


You couldn't memorise any spells.
You knew the following spells:

 Your Spells              Type           Power      Damage    Failure   Level
a - Magic Dart            Conj           100%       1d8       1%          1
b - Frozen Ramparts       Ice            100%       1d12      1%          3
c - Call Imp              Summ           62%        N/A       1%          2
d - Slow                  Hex            100%       N/A       1%          1
e - Conjure Flame         Conj/Fire      62%        6-21      1%          3
f - Mephitic Cloud        Conj/Pois/Air  62%        N/A       1%          3
g - Pain                  Necr           100%       1d9       1%          1
h - Passwall              Tmut/Erth      51%        N/A       1%          2
i - Passage of Golubria   Tloc           62%        N/A       1%          4
j - Silence               Hex/Air        31%        N/A       1%          5
k - Metabolic Englaciati  Hex/Ice        31%        N/A       1%          5
l - Summon Cactus Giant   Summ           31%        N/A       2%          6
m - Orb of Destruction    Conj           31%        9d12      13%         7
Q - Blink                 Tloc           100%       N/A       1%          2
Your spell library was empty.

Dungeon Overview and Level Annotations

Branches:
Dungeon (15/15) Temple (1/1) D:7 Lair (6/6) D:9 Shoals (1/4) Lair:4 Spider (2/4) Lair:4 Slime (0/5) Lair:6 Orc (2/2) D:10 Elf (0/3) Orc:2 Vaults (0/5) D:12 D:13 Depths (0/4) D:15 Sewer (visited)

Altars:
Ashenzari
Cheibriados
Dithmenos
Elyvilon
Fedhas
Gozag
Hepliaklqana
Kikubaaqudgha
Makhleb
Nemelex Xobeh
Okawaru
Qazlal
Ru
Sif Muna
Trog
Uskayaw
Vehumet
Wu Jian
Xom
Yredelemnul
Zin
The Shining One
Jiyva

Shops:
D:1 *   D:5 ?   D:11 *   Orc:1 =   Orc:2 :*[(

Annotations:
D:3 1 runed translucent door
D:14 1 runed translucent door !lich, Umo Enis's ghost, journeyman OgTm
Lair:6 3 runed translucent doors, 2 exclusions, Gujan's ghost, journeyman MiBe
Spider:1 vault
Spider:2 Donald; Jorgrun


Innate Abilities, Weirdness & Mutations

You are immune to sickness and miasma.
You are immune to poison.
Your flesh is very heat resistant. (rF++)
You are vulnerable to cold. (rC-)
You float through the air rather than walking.
You learn spells naturally, not from books.
Your magical power is your life essence.
You have superior vitality. (+4 HP)


Message History

You are caught in a violent explosion!
You block the entropy weaver's attack. x2
The entropy weaver closely misses you. You block the entropy weaver's attack.
The entropy weaver hits you! x2
* * * LOW HITPOINT WARNING * * *
You block the entropy weaver's attack.
The entropy weaver hits you but does no damage.
Huge Dmg: -33%(-42hp) hp: 38%(47hp)
The entropy weaver hits you.
* * * LOW HITPOINT WARNING * * *
You block the entropy weaver's attack. The entropy weaver hits you!
* * * LOW HITPOINT WARNING * * *
You block the entropy weaver's attack.
You fly upwards.
Level annotation: vault
There is a stone staircase leading down here.
Huge Dmg: -9%(-11hp) hp: 29%(36hp)
Casting: Orb of Destruction (dangerous; 13% risk of failure)
Confirm with . or Enter, or press ? or * to list all spells.
Aiming: Mephitic Cloud (safe; 1% risk of failure)
Press: ? - help, Shift-Dir - straight line, f - entropy weaver
Aim: an entropy weaver (moderately wounded, chance to affect: 39%)
The ball explodes into a vile cloud!
The stinking cloud engulfs the entropy weaver but does no damage.
The entropy weaver is moderately wounded.
The stinking cloud engulfs you but does no damage.
* * * LOW HITPOINT WARNING * * *
The entropy weaver is engulfed in noxious fumes.
The entropy weaver hits you!
* * * LOW HITPOINT WARNING * * *
You block the entropy weaver's attack. The entropy weaver hits you.
* * * LOW HITPOINT WARNING * * *
The entropy weaver completely misses you.
Huge Dmg: -14%(-17hp) hp: 15%(19hp)
You hit the entropy weaver.
The entropy weaver is heavily wounded.
The entropy weaver is engulfed in noxious fumes.
The entropy weaver hits you!
* * * LOW HITPOINT WARNING * * *
You block the entropy weaver's attack. The entropy weaver hits you!
You die...

........?#...........#........###..
......................#........###.
........##......................###
........##...........##..........##
........##...........##..........##
.....#####..........##^...........#
.....######.........##.............
.....#...###.....☼§§.............##
...........##....@B..............##
...........###..)..○............##.
............#####..............###.
.^...........###.#####...#.....# #.
.............##.## #†##......####
.............#.## #†#.........##
...............# ##....(......#
..............## ##...........#
..........##...# ####.............


You could see an entropy weaver.

Vanquished Creatures
  Kirke (Spider:2)
  A ghost moth (Spider:1)
  An orc warlord (Orc:2)
  Fannar (D:11)
  A merfolk impaler (Lair:4)
  Erolcha (Orc:1)
  A rakshasa (D:14)
  A boulder beetle (Spider:2)
  10 hydras
  7 centaur warriors
  4 two-headed ogres
  A death yak (D:13)
  Urug (D:12)
  2 tengu warriors
  A deep troll earth mage (D:14)
  An orc high priest (D:10)
  Sonja (Lair:4)
  5 skeletal warriors
  2 orc knights (Orc:2)
  A lindwurm (Lair:6)
  Pikel (D:9)
  2 necromancers
  An oklob plant (Lair:4)
  2 deep elf pyromancers
  A deep elf zephyrmancer (D:15)
  15 ugly things
  7 wolf spiders
  8 orb spiders
  4 manticores
  2 cyclopes
  7 orc sorcerers (Orc:2)
  25 elephants
  Maurice (D:8)
  A water nymph (Lair:4)
  Joseph (D:10)
  A guardian serpent (D:15)
  8 black mambas
  7 cane toads
  3 naga magi (D:15)
  A gargoyle (D:12)
  A kobold demonologist (D:10)
  4 efreet
  A torpor snail (Spider:1)
  2 unseen horrors
  2 centaur skeletons (D:15)
  8 komodo dragons
  2 demonic crawlers
  3 rime drakes
  A queen bee (Lair:1)
  3 trolls
  A hornet (Lair:2)
  5 polar bears
  A wolf spider simulacrum (D:15)
  11 jumping spiders
  7 blink frogs
  A slime creature (D:9)
  A meliai zombie (D:15)
  13 dream sheep
  A centaur simulacrum (D:15)
  39 yaks
  4 shadows
  30 redbacks
  A wraith (D:10)
  16 tarantellas
  5 basilisks
  4 wyverns
  2 hogs (Spider:2)
  3 steam dragons
  16 humans
  3 vampire mosquitoes (D:12)
  9 wargs
  An acid dragon (D:13)
  26 water moccasins
  2 sky beasts (D:7)
  7 ogres
  3 ice beasts
  31 orc warriors
  8 black bears
  17 wolves
  4 lemures (D:9)
  4 necrophages
  13 centaurs
  A phantom (D:5)
  5 kobold brigands
  A scorpion (D:5)
  10 bullfrogs
  A hornet simulacrum (D:14)
  21 killer bees
  10 wights
  2 howler monkeys (D:9)
  2 electric eels
  A bullfrog zombie (D:6)
  4 centaur zombies
  5 hounds
  2 jellies (D:6)
  A gnoll shaman (D:7)
  3 orc priests
  A bullfrog skeleton (D:3)
  3 iguanas
  18 orc wizards
  A hound skeleton (D:7)
  14 adders
  4 gnolls (D:7)
  2 river rats
  2 shadow imps
  An ufetubus (D:6)
  An adder skeleton (D:4)
  4 worms
  6 dart slugs
  53 orcs
  8 ball pythons
  5 bats
  11 endoplasms
  6 giant cockroaches
  7 goblins
  7 hobgoblins
  20 kobolds
  5 quokkas
  17 frilled lizards
  12 rats
735 creatures vanquished.

Vanquished Creatures (collateral kills)
  Arachne (Spider:2)
  Agnes (D:14)
  The ghost of ytrimaz the Severer, an adept FoFi of Okawaru (Orc:2)
  An emperor scorpion (Spider:1)
  A hydra (Lair:6)
  A skeletal warrior (D:15)
  2 cyclopes
  4 ugly things (D:14)
  A nameless horror (Lair:6)
  A troll (D:14)
14 creatures vanquished.

Vanquished Creatures (others)
  A wolf spider (Spider:2)
  A jumping spider (Spider:1)
  A tarantella (Spider:2)
  3 humans (Spider:2)
  A killer bee (Lair:1)
  An orc wizard (D:9)
  4 bushes (Lair:3)
  28 fungi
  20 plants
60 creatures vanquished.

Grand Total: 809 creatures vanquished

Notes
Turn   | Place    | Note
-------+----------+-------------------------------------------
     0 | D:1      | RepHenryClay the Djinni Hedge Wizard began the quest for
                  | the Orb.
     0 | D:1      | Reached XP level 1. HP: 15/15 MP: 0/0
   270 | D:1      | Reached XP level 2. HP: 17/21 MP: 0/0
   339 | D:1      | Found Sedeuq's Assorted Antiques.
   728 | D:1      | Reached XP level 3. HP: 24/25 MP: 0/0
   728 | D:1      | Learned a level 1 spell: Pain
  1139 | D:2      | Reached XP level 4. HP: 31/31 MP: 0/0
  1428 | D:2      | Reached XP level 5. HP: 35/35 MP: 0/0
  1428 | D:2      | Learned a level 2 spell: Passwall
  1914 | D:3      | Found a runed translucent door.
  1914 | D:3      | Noticed a human
  1925 | D:3      | Found a basalt altar of Yredelemnul.
  1930 | D:3      | Found a faded altar of an unknown god.
  2389 | D:4      | Noticed an ogre
  2395 | D:4      | Killed an ogre
  2396 | D:4      | Reached skill level 5 in Spellcasting
  2396 | D:4      | Reached XP level 6. HP: 31/40 MP: 0/0
  2465 | D:4      | Upgraded the game from 0.28-a0-730-g892d06dc2c to
                  | 0.28-a0-750-g7c675f85b1
  2566 | D:4      | Identified 2 scrolls of acquirement
  2566 | D:4      | Acquired a +1 demon blade of pain
  2568 | D:4      | Acquired the ring "Reloq" {rC+ EV+4 Stlth+}
  2868 | D:4      | Reached XP level 7. HP: 40/45 MP: 0/0
  2868 | D:4      | Learned a level 3 spell: Frozen Ramparts
  2870 | D:4      | Found a glowing drain.
  2874 | Sewer    | Entered a sewer
  3344 | D:4      | Reached XP level 8. HP: 47/50 MP: 0/0
  3827 | D:5      | Entered Level 5 of the Dungeon
  4152 | D:5      | Found Fated's Magic Scroll Emporium.
  4159 | D:5      | Bought a scroll of enchant weapon for 90 gold pieces
  4159 | D:5      | Bought a scroll of magic mapping for 42 gold pieces
  4967 | D:6      | Reached skill level 3 in Dodging
  4985 | D:6      | Reached XP level 9. HP: 37/55 MP: 0/0
  4985 | D:6      | Learned a level 4 spell: Passage of Golubria
  5266 | D:6      | Reached skill level 4 in Dodging
  5565 | D:6      | Reached skill level 5 in Dodging
  6172 | D:7      | Reached skill level 6 in Dodging
  6358 | D:7      | Found a staircase to the Ecumenical Temple.
  6363 | Temple   | Entered the Ecumenical Temple
  6810 | D:7      | Found a burning altar of Makhleb.
  6816 | D:7      | Became a worshipper of Makhleb the Destroyer
  6904 | D:7      | Reached skill level 7 in Dodging
  6904 | D:7      | Reached XP level 10. HP: 35/60 MP: 0/0
  7226 | D:8      | Noticed Maurice
  7261 | D:8      | Killed Maurice
  7524 | D:8      | Noticed a two-headed ogre
  7629 | D:8      | Killed a two-headed ogre
  7630 | D:8      | Reached skill level 5 in Long Blades
  7720 | D:8      | Reached * piety under Makhleb
  7729 | D:8      | Found an ornate altar of the Wu Jian Council.
  8231 | D:9      | Found a staircase to the Lair.
  8555 | D:9      | Noticed Pikel
  8591 | D:9      | Noticed an efreet
  8603 | D:9      | Killed an efreet
  8604 | D:9      | Reached XP level 11. HP: 52/65 MP: 0/0
  8604 | D:9      | Learned a level 5 spell: Silence
  8631 | D:9      | Killed Pikel
  8632 | D:9      | Reached skill level 8 in Dodging
  9009 | D:9      | Reached skill level 9 in Dodging
  9172 | D:10     | Entered Level 10 of the Dungeon
  9269 | D:10     | Reached ** piety under Makhleb
  9404 | D:10     | Noticed Joseph
  9433 | D:10     | Killed Joseph
  9488 | D:10     | Found a portal to a secret trove of treasure.
  9497 | Trove    | Entered a treasure trove
  9504 | Trove    | Identified the ring "Quazacoa" {rElec rCorr Int+6}
  9506 | Trove    | Identified the ring "Ediddot" {rF+ Dex+5}
  9513 | Trove    | Identified the ring of Yban {Str+6 SInv Stlth+}
  9515 | Trove    | Identified the amulet "Iddosk" {Faith Harm Dex+2}
  9517 | Trove    | Identified the amulet "Reosalel" {RegenMP Dex+3}
  9521 | Trove    | Identified the amulet "Kizixoarr" {Acrobat Fragile rC++}
  9523 | Trove    | Identified the amulet of Pykot {Faith Dex+3}
  9525 | Trove    | Identified the amulet of False Pretenses {Reflect Dex+3
                  | SH+5}
  9527 | Trove    | Identified the amulet "Saewo" {Acrobat rF+ rC+}
  9632 | D:10     | Found a staircase to the Orcish Mines.
  9674 | D:10     | Reached skill level 10 in Dodging
  9952 | D:11     | Found a shadowy altar of Dithmenos.
  9985 | D:11     | Noticed a manticore
 10001 | D:11     | Killed a manticore
 10059 | D:11     | Noticed Fannar
 10171 | D:11     | Killed Fannar
 10172 | D:11     | Reached XP level 12. HP: 33/70 MP: 0/0
 10386 | D:11     | Noticed a two-headed ogre
 10741 | D:11     | HP: 3/70 [two-headed ogre (29)]
 10743 | D:11     | Killed a two-headed ogre
 10815 | D:11     | Reached skill level 11 in Dodging
 10824 | D:11     | Reached skill level 10 in Long Blades
 10878 | D:11     | Found Bisuore's General Store.
 11464 | Orc:1    | Entered Level 1 of the Orcish Mines
 11464 | Orc:1    | Noticed an orc high priest
 11488 | D:10     | Killed an orc high priest
 11707 | Orc:2    | Entered Level 2 of the Orcish Mines
 11707 | Orc:2    | Found a bloodstained altar of Trog.
 11716 | Orc:2    | Noticed a two-headed ogre
 11752 | Orc:1    | Killed a two-headed ogre
 11774 | Orc:2    | Noticed an orc warlord
 11890 | Lair:1   | Entered Level 1 of the Lair of Beasts
 12349 | Lair:1   | Reached skill level 12 in Dodging
 12599 | Lair:2   | Identified the +11 flail "Qamapuk" {antimagic, Contam
                  | Int+6}
 12659 | Lair:2   | Noticed a six-headed hydra
 12723 | Lair:2   | Killed a two-headed hydra
 12724 | Lair:2   | Reached XP level 13. HP: 57/75 MP: 0/0
 12724 | Lair:2   | Learned a level 5 spell: Metabolic Englaciation
 12798 | Lair:2   | Reached skill level 13 in Dodging
 12845 | Lair:2   | Found the amulet of Vitality {Regen+ HP+15}
 13417 | Lair:3   | Noticed a five-headed hydra
 13442 | Lair:3   | Reached *** piety under Makhleb
 13468 | Lair:3   | Killed a two-headed hydra
 13570 | Lair:3   | Reached skill level 14 in Dodging
 14052 | Lair:3   | Noticed a seven-headed hydra
 14095 | Lair:3   | Killed a one-headed hydra
 14340 | Lair:4   | Noticed a four-headed hydra
 14355 | Lair:4   | Killed a one-headed hydra
 14472 | Lair:4   | Noticed Sonja
 14490 | Lair:4   | Killed Sonja
 14612 | Lair:4   | Found a staircase to the Shoals.
 14748 | Lair:4   | Found a hole to the Spider Nest.
 14947 | Lair:4   | Reached skill level 15 in Dodging
 15178 | Lair:4   | Reached XP level 14. HP: 80/80 MP: 0/0
 15500 | Lair:4   | Reached **** piety under Makhleb
 15580 | Lair:5   | Reached skill level 1 in Shields
 15760 | Lair:5   | Reached skill level 5 in Shields
 15911 | Lair:5   | Reached skill level 1 in Fighting
 16390 | Lair:6   | Entered Level 6 of the Lair of Beasts
 16601 | Lair:6   | Reached ***** piety under Makhleb
 16606 | Lair:6   | Reached skill level 5 in Fighting
 16655 | Lair:6   | Found a runed translucent gate.
 16655 | Lair:6   | Found a runed translucent gate.
 16656 | Lair:6   | Found a runed translucent gate.
 16657 | Lair:6   | Noticed Gujan's ghost (journeyman MiBe)
 16779 | Lair:6   | Found a staircase to the Slime Pits.
 16779 | Lair:6   | Found a viscous altar of Jiyva.
 17236 | Lair:6   | Reached XP level 15. HP: 102/102 MP: 0/0
 17236 | Lair:6   | Learned a level 6 spell: Summon Cactus Giant
 18594 | D:13     | Noticed Urug
 18594 | D:13     | Found a gate to the Vaults.
 18663 | D:13     | Reached skill level 10 in Spellcasting
 18912 | D:12     | Killed Urug
 19338 | D:13     | Found a huge runed translucent gate.
 19339 | D:13     | Found a huge runed translucent gate.
 19339 | D:13     | Found a huge runed translucent gate.
 19339 | D:13     | Found a huge runed translucent gate.
 19704 | D:13     | Reached ****** piety under Makhleb
 20005 | D:14     | Noticed Agnes
 20019 | D:14     | Killed Agnes
 20348 | D:14     | Noticed Umo Enis's ghost (journeyman OgTm)
 20348 | D:14     | Noticed a lich
 20458 | D:14     | Found a runed translucent door.
 20469 | D:14     | Found a runed translucent door.
 21051 | D:15     | Entered Level 15 of the Dungeon
 21278 | D:15     | Reached XP level 16. HP: 57/107 MP: 0/0
 21777 | D:15     | Found a staircase to the Depths.
 22211 | Spider:1 | Entered Level 1 of the Spider Nest
 22579 | D:1      | Bought a scroll of enchant weapon for 217 gold pieces
 22686 | D:5      | Bought a scroll of enchant weapon for 90 gold pieces
 22686 | D:5      | Bought a scroll of summoning for 114 gold pieces
 23513 | Orc:2    | Found a staircase to the Elven Halls.
 23554 | Orc:2    | Found Boosuh's Book Emporium.
 23710 | Orc:2    | Noticed ytrimaz's ghost (adept FoFi)
 23713 | Orc:2    | Found a runed translucent door.
 23881 | Orc:2    | Killed ytrimaz's ghost
 24006 | Orc:2    | Found Gerphypsi's Antique Armour Shoppe.
 24014 | Orc:2    | Bought an embroidered cloak for 202 gold pieces
 24225 | Orc:2    | Found Hehopecu's Antique Weapon Shoppe.
 24324 | Orc:2    | Reached skill level 10 in Shields
 24439 | Orc:2    | Found Laoseag's General Store.
 24738 | Orc:1    | Found Paashu's Jewellery Emporium.
 24805 | Orc:1    | Noticed Erolcha
 24817 | Orc:1    | Killed Erolcha
 25060 | Orc:1    | Bought the ring "Ixihavasm" {Will+ rCorr} for 456 gold
                  | pieces
 25811 | Spider:1 | Reached XP level 17. HP: 64/112 MP: 0/0
 25811 | Spider:1 | Learned a level 7 spell: Orb of Destruction
 26558 | Spider:2 | Noticed Arachne
 26582 | Spider:2 | Killed Arachne
 26690 | Spider:2 | Noticed Kirke
 26707 | Spider:2 | Killed Kirke
 26758 | Spider:2 | Noticed Donald
 26762 | Spider:2 | Noticed Jorgrun
 26891 | Shoals:1 | Entered Level 1 of the Shoals
 27112 | Lair:4   | Found a hole to the Spider Nest.
 28396 | Spider:1 | HP: 4/127 [something (14)]
 28401 | Spider:1 | HP: 3/127 [something (11)]
 28519 | Spider:1 | Mangled by an entropy weaver

Illustrated notes

Levels and vault maps discovered:
D:1:      lemuel_arrival_behind_the_door_small, layout_rooms, serial_shops, shop
D:2:      minmay_spotlight, layout_rooms, minmay_octomino_j4
D:3:      layout_basic, dk_yredelemnul_ordeal,
          ebering_ecumenical_altar_abandoned, minmay_lizard_king
D:4:      layout_cave_pods, gup_sewer_entry_spiral, minmay_hedge_maze
D:5:      minmay_general_purpose_star, layout_basic, serial_shops, shop,
          hangedman_abyss_or_decor_passed
D:6:      layout_basic
D:7:      layout_loops_corners, makhleb_blood_cavern_becter,
          kiku_gazebo_garden_becter, minmay_temple_entry_butterflies
D:8:      minmay_inner_zag, layout_cave_pools, pdpol_wu_jian_five_deadly_venoms,
          chequers_serial_rivers_room_b, uniq_maurice
D:9:      wad_arrow_thing, layout_cross, uniq_pikel
D:10:     layout_roguey, minmay_orc_entry_guard_dogs, enter_trove_3, uniq_joseph
D:11:     layout_layer_cave, serial_shops, nicolae_shop_statue_plus,
          nicolae_dithmenos_the_darkroom, uniq_fannar
D:12:     layout_basic
D:13:     lemuel_bear_cage, layout_irregular_city, david_vaults_3,
          chequers_serial_rivers_micro_e, hangedman_decor_opposing
D:14:     layout_loops_corners, serial_rivers, chequers_serial_rivers_micro_c,
          chequers_serial_rivers_large_b, chequers_serial_rivers_micro_b,
          chequers_serial_rivers_marsh, muffindrake_ghost_dual_entry,
          kennysheep_potato, uniq_agnes
D:15:     grunt_enter_depths_magical_seal, layout_irregular_city,
          bh_walls_and_bars, statue_in_the_mist_lemuel,
          nrook_guardian_serpent_double
Temple:   eino_narrow_crystal_temple
Lair:1:   layout_loops_ring, special_room [special_room_bee],
          grunt_forest_stairs_basic
Lair:2:   layout_cave_shapes, beast_lair_carwin_4, grunt_megastairs_2,
          infiniplex_staircase_pool, lemuel_fruit_tree
Lair:3:   layout_loops_ring, serial_forest, infiniplex_forest_clump_double,
          infiniplex_forest_straight_5, infiniplex_forest_lined_3,
          infiniplex_forest_lined_1, infiniplex_forest_fountain
Lair:4:   layout_cave_pods, shoals_dummy_entry, spider_nest_entry_web_field,
          dpeg_oklob_1, uniq_sonja, uniq_urug
Lair:5:   layout_misc_corridors, infiniplex_staircase_pool_2,
          serial_bayou_shore_b, serial_bayou_shore_b, grunt_megastairs_1
Lair:6:   evil_forest, layout_cellular_growth, slime_altar_1,
          ebering_ghost_rock_garden, serial_bayou_pond_e, grunt_megastairs_4
Shoals:1: layout_shoals
Spider:1: layout_chambers, drop_trap, spiders_nest_hornet_nest
Spider:2: layout_spider_delve, uniq_jorgrun, uniq_kirke, uniq_donald,
          uniq_arachne
Orc:1:    layout_caves, serial_shops, shop, nooodl_orcs_dogs, uniq_erolcha
Orc:2:    grunt_orc_gardens, layout_caves, grunt_orc_garden, grunt_orc_garden,
          grunt_orc_garden, grunt_orc_garden, hellmonk_ghost_happy_afterlife,
          basic_altar, nicolae_orc_jurassic_orc

Skill      XL: |  1  2  3  4  5  6  7  8  9 10 11 12 13 14 15 16 17 |
---------------+----------------------------------------------------+-----
Spellcasting   | 3 4 5 6 8 9 12 13 | 13.0
Dodging        | 3 7 10 12 15 | 15.1
Long Blades    | 7 9 11 13 14 | 14.0
Shields        | 5 11 12 | 12.6
Fighting       | 7 |  7.6
Stealth        | |  1.6

Action                   |  1- 3 |  4- 6 |  7- 9 | 10-12 | 13-15 | 16-18 || total
-------------------------+-------+-------+-------+-------+-------+-------++-------
Melee: Staff             |       |       |     3 |       |       |       ||     3
       Demon blade       |       |       |    15 |   723 |  1107 |   775 ||  2620
       Scimitar          |       |       |       |     6 |    68 |       ||    74
 Cast: Magic Dart        |    67 |   129 |   135 |    81 |    14 |     4 ||   430
       Pain              |    25 |    26 |   164 |    85 |     7 |       ||   307
       Blink             |       |     2 |       |     1 |       |       ||     3
       Frozen Ramparts   |       |       |     6 |    21 |    73 |    20 ||   120
       Conjure Flame     |       |       |     4 |       |       |       ||     4
       Mephitic Cloud    |       |       |     3 |    40 |    18 |    26 ||    87
       Summon Cactus Gia |       |       |       |       |     6 |     6 ||    12
       Metabolic Englaci |       |       |       |       |     4 |       ||     4
       Orb of Destructio |       |       |       |       |       |     6 ||     6
Evoke: Wand              |       |       |       |       |     4 |     9 ||    13
       Condenser vane    |       |       |       |       |       |     1 ||     1
  Use: Scroll            |       |     7 |     9 |     3 |    12 |    11 ||    42
       Potion            |       |       |       |       |     1 |     8 ||     9
 Stab: Confused          |       |       |       |    25 |    15 |    25 ||    65
       Sleeping          |       |       |       |     3 |    12 |     1 ||    16
       Distracted        |       |       |       |     1 |       |       ||     1
       Paralysed         |       |       |       |       |     1 |     2 ||     3
Armor: Robe              |       |    16 |    31 |    20 |       |       ||    67
       Troll leather arm |       |       |       |   109 |   135 |    99 ||   343
Dodge: Dodged            |     6 |    40 |   130 |   701 |   893 |   532 ||  2302
Block: Buckler           |       |       |       |       |   169 |     6 ||   175
       Kite shield       |       |       |       |       |       |   427 ||   427

Table legend: (Time is in decaauts)
 A = Elapsed time spent in this place.
 B = Non-inter-level travel time spent in this place.
 C = Inter-level travel time spent in this place.
 D = Time resting spent in this place.
 E = Time spent auto-exploring this place.
 F = Levels seen in this place.
 G = Mean time per level.
                   A        B        C        D        E       F      G
               +--------+--------+--------+--------+--------+-----+--------+
         Total |  27888 |  24309 |   3579 |    479 |  17222 |  29 |  961.7 |
       Dungeon |  16892 |  14441 |   2451 |    192 |  10492 |  15 | 1126.1 |
        Temple |    185 |    176 |      9 |      0 |    165 |   1 |  185.0 |
          Lair |   6901 |   6077 |    824 |    116 |   4457 |   6 | 1150.2 |
        Shoals |     21 |     21 |      0 |      0 |      0 |   1 |   21.0 |
   Spider Nest |   1747 |   1632 |    115 |     57 |   1061 |   2 |  873.5 |
  Orcish Mines |   1794 |   1616 |    178 |    114 |    854 |   2 |  897.0 |
         Trove |     43 |     43 |      0 |      0 |     22 |   1 |   43.0 |
         Sewer |    301 |    301 |      0 |      0 |    171 |   1 |  301.0 |
               +--------+--------+--------+--------+--------+-----+--------+

Top non-repeatable levels by time:
  Lair:4: 2408 daAuts
    D:14: 1809 daAuts
    D:11: 1711 daAuts
Spider:1: 1434 daAuts
     D:9: 1373 daAuts
     D:7: 1371 daAuts
  Lair:6: 1119 daAuts
     D:5: 1113 daAuts
     D:4: 1097 daAuts
     D:8: 1082 daAuts
   Orc:2: 1053 daAuts
     D:1: 1026 daAuts
    D:13: 1019 daAuts
     D:3: 993 daAuts
    D:12: 987 daAuts
